 Dungeon Crawl Stone Soup version 0.30-a0-870-gc5d4c5acee (webtiles) character file.

Game seed: 5205999338820428218

121 cforsyth the Trooper (level 5, 0/43 HPs)
             Began as a Barachi Fighter on Mar 12, 2023.
             Slain by a shadow imp (2 damage)
             ... summoned by Natasha
             ... on level 3 of the Dungeon.
             The game lasted 00:02:27 (2214 turns).

cforsyth the Trooper (Barachi Fighter)              Turns: 2214, Time: 00:02:28

Health: 0/43       AC:  7    Str: 19    XL:     5   Next: 5%
Magic:  5/5        EV:  9    Int:  9    God:
Gold:   143        SH:  4    Dex: 11    Spells: 4/4 levels left

rFire   . . .      SeeInvis .    a - +0 war axe
rCold   . . .      Faith    .    c - +0 buckler
rNeg    . . .      Spirit   .    b - +0 scale mail
rPois   .          Reflect  .    (no helmet)
rElec   .          Rampage  .    (no cloak)
rCorr   .                        (no gloves)
Will    .....                    (no boots) Stlth
                                 (no amulet)
HPRegen 0.27/turn                (no ring)
MPRegen 0.09/turn                (no ring)

@: slow
A: amphibious, slowness 1, strong legs 1, +LOS
a: Hop


You were on level 3 of the Dungeon.
You visited 1 branch of the dungeon, and saw 3 of its levels.

You collected 143 gold pieces.

Inventory:

Hand Weapons
 a - a +0 war axe (weapon)
Armour
 b - a +0 scale mail (worn)
 c - a +0 buckler (worn)
Wands
 l - a wand of roots (8)
Scrolls
 e - a scroll of immolation
 f - a scroll of enchant weapon {unknown}
 i - a scroll of teleportation
 j - a scroll of amnesia {unknown}
 k - a scroll of magic mapping {unknown}
 o - 2 scrolls of identify {unknown}
 p - a scroll of brand weapon {unknown}
Potions
 d - a potion of might
 g - a potion of lignification {unknown}
 h - 3 potions of heal wounds {unknown}
 m - a potion of haste {unknown}
 n - a potion of curing {unknown}


   Skills:
 + Level 4.5 Fighting
 + Level 3.3 Axes
 + Level 4.5 Armour
 + Level 4.2 Shields


You had 4 spell levels left.
You didn't know any spells.
Your spell library contained the following spells:

 Spells                   Type           Power      Damage    Failure   Level
 Cigotuvi's Dreadful Rot  Necr/Pois/Air  0%         N/A       92%         2
 Poisonous Vapours        Pois/Air       0%         N/A       92%         2
 Sublimation of Blood     Necr           0%         N/A       92%         2
 Call Canine Familiar     Summ           0%         N/A       99%         3
 Mephitic Cloud           Conj/Pois/Air  0%         N/A       99%         3
 Portal Projectile        Hex/Tloc       0%         N/A       99%         3
 Leda's Liquefaction      Hex/Erth       0%         N/A       100%        4
 Petrify                  Tmut/Erth      0%         N/A       100%        4
 Irradiate                Conj/Tmut      0%         3d11      100%        5


Dungeon Overview and Level Annotations

Branches:
Dungeon (3/15)

Altars:
Cheibriados
Dithmenos
Elyvilon
Makhleb
Qazlal
The Shining One

Annotations:
D:3 2 transporters, Natasha; oldplebian's ghost, amateur GnWn


Innate Abilities, Weirdness & Mutations

You are amphibious.
You cover ground slowly.
You can hop short distances.
You have an extended range of vision and can be seen from far away.


Message History

You are too injured to fight recklessly!
You are too injured to fight recklessly!
You are too injured to fight recklessly!
You are too injured to fight recklessly!
You are too injured to fight recklessly!
You are too injured to fight recklessly!
You closely miss Natasha.
Natasha is moderately wounded.
You closely miss the shadow imp. You barely miss the quokka.
Natasha casts a spell.
The quokka bites you but does no damage.
The shadow imp gestures at you.
You barely resist. Natasha casts a spell at you. You resist with some effort.
You hit Natasha but do no damage.
Natasha is moderately wounded.
You hit the shadow imp. You hit the quokka but do no damage.
The quokka closely misses you. The shadow imp gestures at you.
Pain shoots through your body!
* * * LOW HITPOINT WARNING * * *
Natasha completely misses you. You block the quokka's attack.
You block the shadow imp's attack.
You barely miss Natasha.
Natasha is moderately wounded.
You hit the shadow imp. You hit the quokka. The quokka completely misses you.
Natasha claws you.
* * * LOW HITPOINT WARNING * * *
The shadow imp hits you.
* * * LOW HITPOINT WARNING * * *
You block the quokka's attack. Natasha casts a spell at you.
The magic dart hits you.
* * * LOW HITPOINT WARNING * * *
You slash Natasha!
Natasha is severely wounded.
You closely miss the shadow imp. You closely miss the quokka.
The crimson imp blinks!
The shadow imp hits you.
You die...

...... ...... ......
....... .......
.......## ......5..
### .......5########
... .......r@.....>#
### .##.###h##.###.#
# . #ยง##.###.# # .
#.##.##..# ######.#
##. #.##.#..##
.....#.# #..
##.##...## .....#.#
#.# #.....###
###..#.#.#.###..##.#
..#..#.#.#.##...##.#


You could see Natasha, a crimson imp (summoned), a shadow imp (summoned) and a
quokka.

Vanquished Creatures
  Jessica (D:2)
  3 adders
  A white imp (D:3)
  A worm (D:2)
  A dart slug (D:2)
  3 bats
  4 endoplasms (D:1)
  2 giant cockroaches
  4 goblins
  6 hobgoblins
  7 jackals
  A quokka (D:1)
  5 ball pythons
  A frilled lizard (D:2)
  A goblin skeleton (D:3)
  A goblin zombie (D:3)
  4 hobgoblin zombies (D:3)
  5 kobolds
  An orc zombie (D:3)
  4 rats
56 creatures vanquished.

Notes
Turn   | Place    | Note
-------+----------+-------------------------------------------
     0 | D:1      | cforsyth the Barachi Fighter began the quest for the Orb.
     0 | D:1      | Reached XP level 1. HP: 18/18 MP: 1/1
    71 | D:1      | Reached XP level 2. HP: 24/25 MP: 2/2
   339 | D:1      | Reached XP level 3. HP: 30/30 MP: 3/3
   784 | D:2      | Found a faded altar of an unknown god.
  1309 | D:2      | Noticed Jessica
  1311 | D:2      | Killed Jessica
  1312 | D:2      | Reached XP level 4. HP: 37/37 MP: 4/4
  1661 | D:3      | Found a snail-covered altar of Cheibriados.
  1755 | D:3      | Found a shadowy altar of Dithmenos.
  1848 | D:3      | Found a transporter.
  1870 | D:3      | Found a burning altar of Makhleb.
  1871 | D:3      | Found a stormy altar of Qazlal.
  1872 | D:3      | Found a white marble altar of Elyvilon.
  2024 | D:3      | Found a glowing golden altar of the Shining One.
  2154 | D:3      | Found a transporter.
  2155 | D:3      | Noticed oldplebian's ghost (amateur GnWn)
  2155 | D:3      | Noticed a phantom
  2167 | D:3      | Reached XP level 5. HP: 43/43 MP: 5/5
  2203 | D:3      | Noticed Natasha
  2213 | D:3      | HP: 1/43 [Natasha/magic dart (2)]
  2214 | D:3      | Slain by a shadow imp

Illustrated notes

Levels and vault maps discovered:
D:1:      psy_arrival_fountain, layout_rooms
D:2:      minmay_razor_zed, layout_loops_ring,
          shapermc_ecumenical_altar_totnotflames, nicolae_eternal_life,
          nrook_mini_vaults, kennysheep_path_1, uniq_jessica
D:3:      layout_basic, nicolae_tso_besieged_by_evil,
          nicolae_overflow_hidden_temple, general_overflow_altar,
          gammafunk_ghost_mausoleum, st_stairs_12, uniq_grinder, uniq_natasha

Skill      XL: |  1  2  3  4 |
---------------+-------------+-----
Armour         | 4 |  4.5
Fighting       | 4 |  4.5
Axes           | 3 |  3.3
Shields        | 4 |  4.2

Action                     |  1- 3 |  4- 6 || total
---------------------------+-------+-------++-------
  Melee: War axe           |    94 |    68 ||   162
    Use: Scroll            |       |     2 ||     2
 Armour: Scale mail        |    40 |    24 ||    64
  Dodge: Dodged            |    48 |    33 ||    81
  Block: Buckler           |    28 |    26 ||    54

Table legend: (Time is in decaauts)
 A = Elapsed time spent in this place.
 B = Non-inter-level travel time spent in this place.
 C = Inter-level travel time spent in this place.
 D = Time resting spent in this place.
 E = Time spent auto-exploring this place.
 F = Levels seen in this place.
 G = Mean time per level.
                   A        B        C        D        E       F      G
               +--------+--------+--------+--------+--------+-----+--------+
         Total |   2637 |   2548 |     89 |      0 |   2095 |   3 |  879.0 |
       Dungeon |   2637 |   2548 |     89 |      0 |   2095 |   3 |  879.0 |
               +--------+--------+--------+--------+--------+-----+--------+

Top non-repeatable levels by time:
     D:2: 1188 daAuts
     D:1: 800 daAuts
     D:3: 648 daAuts
